Map: Dusk Towers

Players

HuK - Winner!

  • Race: Protoss Protoss
  • League: Grandmaster

AcerBly (Bly)

  • Race: Zerg Zerg

Event: Gauntlet Monday Night

VOD

Have the link to the VOD?

Description

Time

  • Played on: Jan. 4, 2016, 3:55 p.m.
  • Length: 28:07

All games in this series

Show
View Real Time Build Order
Export as new Build Order

HuK Protoss - Winner!

Build Orders:  

Get SALT Encoding   

  12  0:02  Probe (Chrono Boost)  
  13  0:13  Probe (Chrono Boost)  
  14  0:22  Pylon  
  14  0:23  Probe (Chrono Boost)  
  15  0:40  Probe (Chrono Boost)  
  16  0:42  Gateway  
  16  0:46  Assimilator  
  16  0:51  Probe (Chrono Boost)  
  16  0:54  Assimilator  
  17  1:02  Probe (Chrono Boost)  
  18  1:06  Gateway  
  18  1:12  Probe (Chrono Boost)  
  19  1:23  Probe (Chrono Boost)  
  20  1:32  Cybernetics Core  
  20  1:33  Probe (Chrono Boost)  
  20  1:36  Pylon  
  21  1:44  Probe (Chrono Boost)  
  22  1:54  Probe (Chrono Boost)  
  24  2:09  Warp Gate (Chrono Boost)  
  24  2:10  Adept x2 (Chrono Boost)  
  24  2:13  Mothership Core  
  29  2:34  Probe  
  30  2:46  Nexus  
  30  2:47  Probe  
  31  2:55  Pylon  
  31  2:57  Pylon  
  30  3:01  Probe  
  29  3:20  Probe  
  31  3:36  Pylon  
  31  3:45  Probe (Chrono Boost)  
  28  3:56  Probe (Chrono Boost)  
  28  3:58  Probe (Chrono Boost)  
  28  4:02  Twilight Council  
  30  4:04  Forge  
  30  4:06  Sentry  
  30  4:07  Sentry, Probe (Chrono Boost)  
  35  4:11  Probe (Chrono Boost)  
  35  4:12  Nexus  
  35  4:15  Nexus  
  36  4:20  Pylon  
  36  4:29  Probe (Chrono Boost)  
  36  4:31  Sentry x2, Protoss Ground Weapons Level 1  
  39  4:34  Robotics Facility  
  39  4:38  Probe (Chrono Boost)  
  42  4:39  Probe (Chrono Boost)  
  42  4:42  Resonating Glaives (Chrono Boost)  
  43  4:49  Probe (Chrono Boost)  
  43  4:51  Probe (Chrono Boost)  
  46  5:00  Probe (Chrono Boost)  
  46  5:04  Probe (Chrono Boost)  
  46  5:05  Nexus  
  47  5:07  Pylon  
  47  5:10  Probe (Chrono Boost)  
  48  5:14  Pylon  
  48  5:15  Probe (Chrono Boost)  
  48  5:21  Probe (Chrono Boost)  
  50  5:22  Assimilator  
  50  5:26  Probe (Chrono Boost)  
  50  5:27  Assimilator  
  51  5:29  Observer (Chrono Boost)  
  51  5:32  Probe  
  53  5:37  Probe  
  54  5:44  Probe  
  54  5:49  Probe  
  56  5:56  Probe  
  57  6:01  Probe  
  57  6:03  Stargate  
  58  6:04  Stargate  
  58  6:08  Probe  
  59  6:13  Blink  
  59  6:14  Probe  
  60  6:18  Immortal (Chrono Boost)  
  60  6:20  Probe (Chrono Boost)  
  60  6:22  Probe (Chrono Boost)  
  66  6:26  Probe (Chrono Boost)  
  66  6:28  Protoss Ground Weapons Level 2 (Chrono Boost)  
  66  6:32  Probe  
  68  6:33  Assimilator  
  68  6:34  Probe  
  68  6:37  Probe  
  68  6:39  Assimilator  
  70  6:42  Gateway  
  70  6:44  Probe, Gateway  
  70  6:46  Gateway  
  71  6:47  Gateway  
  71  6:49  Pylon  
  71  6:50  Probe x2  
  73  6:56  Probe  
  74  7:02  Probe x2, Adept  
  74  7:03  Immortal  
  74  7:04  Adept  
  84  7:15  Probe x2  
  86  7:16  Probe  
  87  7:25  Pylon  
  87  7:26  Pylon  
  87  7:40  Stalker x3  
  93  7:44  Immortal  
  93  7:46  Stalker x2  
  101  7:53  Mothership Core  
  93  8:01  Stalker  
  93  8:04  Stalker x2, Gateway  
  95  8:09  Pylon  
  95  8:12  Stalker  
  91  8:14  Probe  
  91  8:18  Immortal  
  88  8:24  Charge  
  88  8:26  Stalker  
  91  8:30  Stalker  
  91  8:32  Gateway  
  91  8:33  Gateway  
  92  8:37  Probe x2  
  92  8:40  Protoss Ground Weapons Level 3 (Chrono Boost)  
  93  8:44  Sentry  
  95  8:52  Warp Prism  
  95  8:55  Sentry x2  
  98  9:02  Gateway  
  100  9:04  Gateway, Pylon  
  100  9:06  Pylon  
  100  9:07  Pylon  
  100  9:11  Pylon  
  100  9:23  Pylon  
  100  9:27  Sentry x4  
  108  9:35  Immortal  
  108  9:36  Robotics Facility  
  108  9:43  Stalker x2  
  116  9:54  Stalker x4  
  124  10:00  Pylon  
  124  10:01  Pylon  
  124  10:02  Pylon  
  124  10:08  Stalker x2  
  128  10:19  Stalker x4  
  128  10:20  Robotics Bay  
  136  10:21  Observer  
  136  10:24  Observer  
  136  11:11  Stalker, Disruptor x2 (Chrono Boost)  
  132  11:12  Stalker x7  
  148  11:19  Nexus  
  148  11:36  Nexus  
  146  11:40  Pylon  
  146  11:44  Stalker x8  
  110  11:57  Observer x2 (Chrono Boost)  
  111  12:05  Pylon, Protoss Ground Armor Level 1  
  111  12:07  Pylon  
  111  12:08  Stalker x6  
  123  12:18  Stalker x2  
  123  12:21  Disruptor (Chrono Boost)  
  130  12:24  Observer (Chrono Boost)  
  131  12:35  Stalker x3  
  133  12:40  Stalker  
  133  12:43  Observer (Chrono Boost)  
  134  12:52  Disruptor (Chrono Boost)  
  137  13:01  Stalker x5  
  147  13:06  Stalker  
  110  13:37  Stalker x6  
  110  13:38  Stalker x2  
  121  13:43  Observer x2 (Chrono Boost)  
  114  14:04  Stalker x8  
  120  14:38  Stalker x6  
  124  14:39  Stalker  
  132  14:56  Adept  
  132  15:05  Adept x2  
  132  15:06  Adept x4  
  144  15:10  Adept  
  144  15:28  Adept x2  
  144  15:29  Adept x5  
  144  15:33  Adept  
  160  15:54  Adept x2  
  160  15:55  Adept x4  
  164  16:16  Nexus  
  164  16:46  Templar Archives  
  164  16:55  Pylon  
  164  17:07  Pylon  
  164  17:13  Immortal x2 (Chrono Boost)  
  172  17:25  Mothership Core  
  172  17:27  High Templar x3  
  172  17:28  High Templar  
  182  17:30  Assimilator  
  182  17:31  Assimilator  
  182  17:33  Archon  
  182  17:34  Archon  
  182  17:35  High Templar x2  
  186  17:37  Zealot x2  
  186  17:39  Archon  
  190  17:48  Immortal (Chrono Boost)  
  194  18:09  Pylon x2  
  194  18:11  Pylon  
  193  18:21  Immortal (Chrono Boost)  
  191  18:31  Stalker x4  
  193  18:50  Pylon  
  193  18:52  High Templar x2  
  193  18:53  Adept  
  199  18:56  Archon  
  197  19:22  Mothership Core (Chrono Boost)  
  193  19:29  Pylon  
  193  19:30  Pylon  
  168  19:53  Probe x2 (Chrono Boost)  
  168  20:02  Probe (Chrono Boost)  
  168  20:03  Probe (Chrono Boost)  
  170  20:08  Adept x4  
  170  20:09  Adept x4  
  178  20:30  Stalker  
  166  20:53  Stalker x3  
  121  21:13  Observer  
  121  21:16  Observer  
  117  21:27  Adept  
  117  21:28  Adept  
  117  21:29  Zealot x2  
  54  23:54  Probe (Chrono Boost)  
Show
View Real Time Build Order
Export as new Build Order

AcerBly Zerg 

Build Orders: Hatch First, Lurkers 

Get SALT Encoding   

  12  0:01  Drone  
  13  0:13  Overlord  
  14  0:21  Drone  
  14  0:24  Overlord  
  14  0:33  Drone  
  15  0:37  Drone  
  16  1:00  Drone  
  16  1:01  Hatchery  
  16  1:05  Drone  
  17  1:16  Spawning Pool  
  16  1:19  Drone  
  16  1:24  Drone  
  18  1:28  Drone  
  19  1:45  Hatchery  
  18  1:53  Drone  
  19  2:03  Zergling x4  
  19  2:04  Queen  
  23  2:15  Queen, Zergling x2  
  26  2:25  Drone x3  
  29  2:37  Drone  
  29  2:38  Drone  
  31  2:44  Queen  
  31  2:48  Overlord  
  31  2:50  Zergling x2  
  34  2:57  Queen  
  36  2:58  Zergling x2  
  36  2:59  Zergling x2  
  36  3:02  Zergling x2  
  34  3:15  Zergling x6  
  34  3:16  Zergling x2  
  34  3:17  Drone  
  34  3:18  Drone  
  38  3:28  Drone x3  
  38  3:29  Drone  
  38  3:31  Drone  
  43  3:38  Extractor  
  43  3:40  Extractor  
  40  3:44  Drone x4  
  44  3:53  Drone x4  
  48  4:04  Drone  
  48  4:07  Overlord  
  48  4:09  Overlord  
  49  4:15  Overlord x2  
  49  4:28  Drone x6  
  49  4:29  Drone x2  
  57  4:35  Lair  
  57  4:40  Drone  
  57  4:41  Drone x3  
  57  4:44  Drone  
  57  4:45  Drone  
  63  4:48  Drone x2  
  63  4:50  Metabolic Boost  
  64  4:55  Drone  
  64  4:56  Drone x3  
  68  5:00  Extractor  
  68  5:04  Drone x2  
  69  5:08  Drone x5  
  74  5:14  Extractor  
  74  5:15  Drone  
  74  5:17  Roach Warren  
  74  5:19  Drone  
  74  5:22  Overlord x2  
  74  5:26  Extractor  
  74  5:28  Drone, Extractor  
  72  5:29  Drone, Overlord  
  74  5:42  Drone x11, Spire  
  83  5:46  Overlord  
  83  5:49  Overlord  
  83  5:51  Overseer  
  83  6:06  Hatchery, Overlord  
  83  6:08  Glial Reconstitution  
  82  6:16  Roach  
  82  6:17  Roach x8  
  100  6:21  Overlord  
  100  6:29  Hydralisk Den  
  100  6:32  Overlord  
  99  6:38  Roach x2  
  99  6:39  Roach x6  
  115  6:46  Overlord  
  115  6:48  Overlord x2  
  115  6:49  Overlord  
  115  6:56  Infestation Pit  
  111  7:10  Roach  
  111  7:11  Roach x8  
  111  7:13  Overlord, Lurker Den  
  127  7:21  Ravager x4  
  127  7:22  Ravager x3  
  134  7:24  Zergling x20  
  134  7:29  Drone x2  
  146  7:36  Extractor  
  145  7:37  Extractor  
  142  7:55  Roach x12  
  150  8:10  Roach x4  
  150  8:11  Roach x6  
  154  8:22  Drone  
  154  8:23  Drone x5  
  154  8:26  Hydralisk  
  151  8:37  Hydralisk  
  151  8:38  Hydralisk x3  
  152  8:49  Drone x12  
  152  8:53  Overseer  
  164  9:03  Hive  
  164  9:07  Lurker x2  
  164  9:08  Lurker  
  164  9:09  Hatchery  
  166  9:13  Lurker x2  
  168  9:18  Spore Crawler  
  168  9:20  Spore Crawler x2  
  165  9:27  Hydralisk  
  165  9:28  Hydralisk x4  
  165  9:29  Overlord x2  
  175  9:33  Overlord  
  175  9:37  Spore Crawler x2  
  173  9:49  Hydralisk x2  
  173  9:50  Hydralisk x11  
  192  9:52  Muscular Augments  
  192  9:54  Overlord  
  192  9:58  Spore Crawler  
  192  9:59  Spore Crawler, Lurker x2  
  192  10:01  Overseer x2  
  192  10:22  Evolution Chamber x2  
  190  10:31  Zergling x2  
  190  10:32  Zergling x16  
  199  10:40  Extractor  
  190  10:46  Extractor  
  171  10:53  Zergling x2  
  171  10:54  Zergling x38  
  189  11:02  Zerg Ground Armor Level 1, Zerg Melee Weapons Level 1  
  189  11:05  Ultralisk Cavern  
  183  11:32  Hydralisk x11  
  124  12:00  Ultralisk x8  
  162  12:06  Zergling x12  
  162  12:07  Zergling x8  
  172  12:15  Overseer  
  172  12:16  Lurker  
  172  12:17  Lurker x2  
  172  12:20  Zergling x10  
  170  12:37  Zergling x2  
  170  12:38  Zergling x22  
  173  12:59  Zergling x18  
  173  13:00  Zergling x4  
  173  13:02  Overlord  
  121  13:33  Ultralisk x6  
  138  13:42  Zergling x14  
  118  13:58  Infestor, Extractor  
  118  13:59  Infestor x2  
  121  14:11  Zergling x26  
  117  14:34  Zergling x4  
  117  14:35  Zergling x26  
  114  15:16  Hatchery  
  114  15:18  Drone  
  114  15:19  Drone x2  
  113  15:26  Hydralisk  
  113  15:27  Hydralisk x8  
  117  16:05  Drone x4  
  117  16:06  Drone  
  117  16:07  Drone  
  117  16:08  Drone x6  
  129  16:33  Lurker x9  
  137  16:41  Overseer x4  
  137  16:46  Overlord  
  137  16:50  Drone  
  137  16:51  Drone  
  139  17:04  Mutalisk x12  
  139  17:05  Mutalisk  
  165  17:09  Zerg Flyer Weapons Level 1  
  165  17:11  Mutalisk  
  167  17:17  Spore Crawler  
  167  17:20  Spore Crawler  
  167  17:21  Overseer  
  165  17:30  Mutalisk x4  
  173  17:42  Mutalisk x4  
  181  17:58  Mutalisk x2  
  181  17:59  Mutalisk x2  
  181  18:00  Overlord x2  
  189  18:15  Extractor  
  188  18:37  Hatchery  
  188  18:39  Mutalisk x8  
  191  18:50  Mutalisk x4  
  182  19:24  Hydralisk x8  
  182  19:28  Zergling x4  
  198  19:38  Spore Crawler x3  
  187  19:45  Mutalisk  
  187  19:46  Mutalisk  
  187  19:48  Zergling x22  
  195  20:04  Mutalisk  
  195  20:05  Mutalisk  
  195  20:06  Zergling x2  
  195  20:07  Zergling x12  
  195  20:13  Spore Crawler  
  195  20:14  Spore Crawler  
  193  20:15  Spore Crawler x2  
  193  20:16  Mutalisk  
  193  20:19  Spore Crawler  
  188  20:23  Zergling x2  
  188  20:24  Zergling x14  
  188  20:26  Lurker  
  188  20:27  Lurker  
  131  20:59  Mutalisk x2  
  131  21:00  Mutalisk  
  131  21:02  Zergling x26  
  127  21:15  Hydralisk x2  
  129  21:23  Zergling x22  
  104  21:44  Lurker x2  
  73  21:54  Drone  
  73  21:55  Drone x7  
  73  21:56  Drone  
  3  27:01  Zergling x10  
Tags
 
Add a new tag
Caveats
  • Supply blocks, unpowered buildings, or Contaminate may cause inaccurate times.
  • Supply counts are checked every 10 seconds.